 Dungeon Crawl Stone Soup version 0.26-a0-642-g67e99244d3 (webtiles) character file.

Game seed: 5292957524100686295

9851 PentaManta the Basher (level 11, -8/95 HPs)
             Began as a Minotaur Hunter on Sept 21, 2020.
             Was an Elder of Elyvilon.
             Mangled by a death yak (14 damage)
             ... on level 10 of the Dungeon.
             The game lasted 00:24:45 (11023 turns).

PentaManta the Basher (Minotaur Hunter)            Turns: 11023, Time: 00:24:47

Health: -8/95      AC: 16    Str: 27    XL:     11   Next: 28%
Magic:  10/10      EV: 11    Int:  8    God:    Elyvilon [****..]
Gold:   415        SH:  5    Dex: 13    Spells: 10/10 levels left

rFire    . . .     SeeInvis .   e - +10 short sword of the Screaming Madman {speed, *Rage +Blink rC+ rN+++}
rCold    + . .     Faith    .   G - +0 buckler
rNeg     + + +     Spirit   .   O - +1 plate armour of Apathy {Str+6 Dex+3} (curse)
rPois    +         Reflect  .   (helmet restricted)
rElec    .         Harm     .   H - +0 cloak
rCorr    .         Rampage  .   (no gloves)
MR       .....     Rnd*Rage +   (no boots)
Stlth    ..........             (no amulet)
HPRegen  0.25/turn              I - ring of poison resistance
MPRegen  0.12/turn              j - ring of flight

@: berserk cooldown, slowed, very slow
A: retaliatory headbutt, horns 2
a: Lesser Healing, Heal Other, Purification, Greater Healing, Divine Protection,
Renounce Religion, Evoke Blink, Evoke Flight


You were on level 10 of the Dungeon.
You worshipped Elyvilon.
Elyvilon was greatly pleased with you.
You visited 2 branches of the dungeon, and saw 12 of its levels.

You collected 450 gold pieces.
You spent 35 gold pieces at shops.

Inventory:

Hand Weapons
 d - a +0 flail
 e - the +10 short sword of the Screaming Madman (weapon) {speed, *Rage +Blink rC+ rN+++}
   (You found it on level 4 of the Dungeon)

   Attacks with this weapon are significantly faster.
   It protects you from cold.
   It renders you almost immune to negative energy.
   It lets you blink.
   It may make you go berserk in combat.
 i - a +0 hand axe
 m - a +0 whip
 v - a +0 rapier of venom
 L - a +0 war axe
 P - a +2 dagger of draining
 Q - a +2 long sword of holy wrath
 R - a +3 dagger of chaos
 S - a +1 short sword of freezing
Missiles
 c - 6 javelins (quivered)
 A - 16 poisoned darts
 E - 8 curare-tipped darts
Armour
 D - a +0 ring mail of cold resistance
 G - a +0 buckler (worn)
 H - a +0 cloak (worn)
 K - a +0 leather armour of magic resistance
 O - the cursed +1 plate armour of Apathy (worn) {Str+6 Dex+3}
   (You found it on level 7 of the Dungeon)

   It affects your strength (+6).
   It affects your dexterity (+3).
   It has a curse placed upon it.
Jewellery
 j - a ring of flight (right hand)
 I - a ring of poison resistance (left hand)
Wands
 a - a wand of flame (19)
 p - a wand of paralysis (8)
 x - a wand of iceblast (12)
 y - a wand of digging (7)
Scrolls
 b - a scroll of fog
 l - 6 scrolls of amnesia {unknown}
 n - 5 scrolls of remove curse {unknown}
 o - 3 scrolls of magic mapping
 q - a scroll of immolation {unknown}
 t - 2 scrolls of random uselessness {unknown}
 u - 2 scrolls of teleportation {unknown}
 w - 3 scrolls of blinking {unknown}
 z - 2 scrolls of noise {unknown}
 B - 4 scrolls of identify
Potions
 f - a potion of heal wounds
 g - 2 potions of curing
 h - 3 potions of flight {unknown}
 k - a potion of stabbing {unknown}
 r - 3 potions of cancellation {unknown}
 s - a potion of haste {unknown}
 C - 3 potions of lignification {unknown}
 F - a potion of ambrosia {unknown}
 J - a potion of mutation {unknown}
 M - a potion of degeneration {unknown}
 N - 2 potions of might


   Skills:
 + Level 8.8 Fighting
 - Level 3.7 Short Blades
 * Level 13.2 Maces & Flails
 - Level 4.0 Throwing
 + Level 8.3 Armour
 + Level 8.0 Dodging
 - Level 0.7 Stealth
 - Level 5.5 Shields


You had 10 spell levels left.
You didn't know any spells.
Your spell library contained the following spells:

 Spells                   Type           Power        Failure   Level
 Animate Skeleton         Necr           #.....       99%         1
 Apportation              Tloc           #.....       99%         1
 Corona                   Hex            #......      99%         1
 Foxfire                  Conj/Fire      #...         99%         1
 Magic Dart               Conj           #...         99%         1
 Summon Small Mammal      Summ           #...         99%         1
 Ensorcelled Hibernation  Hex/Ice        #.....       99%         2
 Searing Ray              Conj           #.....       99%         2
 Confusing Touch          Hex            #.......     100%        3
 Conjure Flame            Conj/Fire      #.......     100%        3
 Dazzling Flash           Conj/Hex       #.....       100%        3
 Gell's Gravitas          Tloc           #.........   100%        3
 Inner Flame              Hex/Fire       #.......     100%        3
 Summon Guardian Golem    Hex/Summ       #.......     100%        3
 Tukima's Dance           Hex            #.......     100%        3
 Fulminant Prism          Conj/Hex       #.........   100%        4
 Iskenderun's Mystic Bla  Conj/Tloc      #.......     100%        4
 Petrify                  Tmut/Erth      #.......     100%        4
 Sticky Flame             Conj/Fire      #.......     100%        4
 Fireball                 Conj/Fire      #.........   100%        5
 Metabolic Englaciation   Hex/Ice        #.........   100%        5
 Yara's Violent Unravell  Hex/Tmut       #.........   100%        5
 Spellforged Servitor     Conj/Summ      #.........   100%        7


Dungeon Overview and Level Annotations

Branches:
Dungeon (11/15)            Temple (1/1) D:4            Lair (0/6) D:10
    Orc: D:9-12

Altars:
Ashenzari
Cheibriados
Dithmenos
Elyvilon
Fedhas
Gozag
Hepliaklqana
Kikubaaqudgha
Makhleb
Nemelex Xobeh
Okawaru
Qazlal
Ru
Sif Muna
Trog
Uskayaw
Vehumet
Wu Jian
Xom
Yredelemnul
Zin
The Shining One

Shops:
D:4 ?

Annotations:
D:10 1 runed translucent door


Innate Abilities, Weirdness & Mutations

You reflexively headbutt those who attack you in melee.
You have a pair of horns on your head.


Message History

The death yak gores you!
* * * LOW HITPOINT WARNING * * *
The death yak gores you.
* * * LOW HITPOINT WARNING * * *
The death yak gores you but does no damage.
The death yak gores you!
* * * LOW HITPOINT WARNING * * *
You feel much better.
The death yak gores you but does no damage.
The death yak closely misses you. You furiously retaliate!
You headbutt the death yak. The death yak closely misses you.
The death yak gores you but does no damage.
You block the death yak's attack.
You feel much better. The death yak misses you. The death yak gores you!
* * * LOW HITPOINT WARNING * * *
The death yak gores you!!
* * * LOW HITPOINT WARNING * * *
The death yak gores you but does no damage. x3
The death yak gores you!
You die...

...# #.h.... ...# #.Y###+ ####
... #.Y# ##### ...# #####.[#
....## ....# #......# .....#
#...# #...Y..# ..##'#### #...
###.##.#
..#.....####.+###########.##.####
..#.###.#..###§§@YY§.............
..#.###.#.....§YYYh..............
###.....#....##§§##..####'##.....
#########....##..#####.....######
#.......#.....#.>.......##.......
#.......#.....#.........##.......
'.......#.....#.............#####
################.............
....................8.........


You could see 5 death yaks and a jackal.

Vanquished Creatures
  2 two-headed ogres
  A death yak (D:11)
  Psyche (D:9)
  3 centaur skeletons
  A troll (D:11)
  2 hippogriffs
  Grinder (D:5)
  Prince Ribbit (D:5)
  Sigmund (D:5)
  A wyvern (D:9)
  Eustachio (D:5)
  3 ice beasts
  2 hornet zombies
  4 sky beasts
  A black bear (D:9)
  6 orc warriors
  2 phantoms
  A necrophage (D:9)
  4 ogres
  5 centaurs
  Blork the orc (D:6)
  A big kobold (D:8)
  6 bullfrogs
  2 scorpions
  A water moccasin skeleton (D:6)
  12 wights
  9 killer bees
  7 howler monkeys
  A bullfrog zombie (D:8)
  2 jellies
  3 orc priests
  12 orc wizards
  A quasit (D:7)
  A bullfrog skeleton (D:6)
  A hound (D:7)
  3 iguanas
  Ijyb (D:5)
  Terence (D:2)
  2 worker ants
  A killer bee zombie (D:9)
  A hound zombie (D:10)
  A hound skeleton (D:7)
  2 worker ant zombies
  10 gnolls
  9 adders
  2 shadow imps
  3 white imps
  An ufetubus (D:9)
  An adder zombie (D:6)
  2 adder skeletons
  A worm (D:3)
  2 dart slugs
  3 leopard geckos
  34 orcs
  6 giant cockroaches
  7 hobgoblins
  7 jackals
  3 quokkas
  A ball python (D:2)
  2 bats
  A frilled lizard (D:2)
  A goblin (D:1)
  A jackal zombie (D:6)
  13 kobolds
  5 rats
230 creatures vanquished.

Notes
Turn   | Place    | Note
-------+----------+-------------------------------------------
     0 | D:1      | PentaManta the Minotaur Hunter began the quest for the Orb.
     0 | D:1      | Reached XP level 1. HP: 18/18 MP: 0/0
   343 | D:2      | Reached skill level 1 in Maces & Flails
   343 | D:2      | Reached XP level 2. HP: 3/25 MP: 1/1
  1186 | D:2      | Reached skill level 2 in Maces & Flails
  1409 | D:2      | Reached XP level 3. HP: 27/30 MP: 2/2
  1526 | D:2      | Noticed Terence
  1539 | D:2      | Killed Terence
  1539 | D:2      | Reached skill level 3 in Maces & Flails
  2017 | D:2      | Reached skill level 4 in Maces & Flails
  2018 | D:2      | Reached XP level 4. HP: 37/37 MP: 3/3
  2333 | D:4      | Noticed an ogre
  2548 | D:3      | Reached skill level 5 in Maces & Flails
  2548 | D:3      | Reached XP level 5. HP: 28/42 MP: 4/4
  3152 | D:4      | Found a staircase to the Ecumenical Temple.
  3158 | D:4      | Got a polished short sword
  3188 | Temple   | Entered the Ecumenical Temple
  3518 | Temple   | Became a worshipper of Elyvilon the Healer
  3558 | D:4      | Noticed an ogre
  3559 | D:4      | Noticed a phantom
  3820 | D:4      | Found Tosetz's Magic Scroll Boutique.
  3828 | D:4      | Bought a scroll of magic mapping for 35 gold pieces
  3898 | D:4      | Killed a phantom
  3898 | D:4      | Reached skill level 6 in Maces & Flails
  3919 | D:5      | Entered Level 5 of the Dungeon
  4006 | D:5      | Reached XP level 6. HP: 37/50 MP: 5/5
  4007 | D:5      | Identified the +10 short sword of the Screaming Madman
                  | {speed, *Rage +Blink rC+ rN+++} (You found it on level 4 of
                  | the Dungeon)
  4016 | D:4      | Reached skill level 7 in Maces & Flails
  4153 | D:4      | Reached skill level 8 in Maces & Flails
  4390 | D:4      | Reached skill level 1 in Armour
  4571 | D:5      | Reached skill level 1 in Short Blades
  4592 | D:5      | Noticed Sigmund
  4599 | D:5      | Killed Sigmund
  4599 | D:5      | Reached XP level 7. HP: 47/57 MP: 6/6
  4659 | D:5      | Noticed Prince Ribbit
  4659 | D:5      | Noticed Eustachio
  4694 | D:5      | Killed Prince Ribbit
  4707 | D:5      | Killed Eustachio
  4871 | D:5      | Reached XP level 8. HP: 48/66 MP: 7/7
  5057 | D:5      | Noticed Ijyb
  5083 | D:5      | Killed Ijyb
  5299 | D:5      | Noticed Grinder
  5326 | D:5      | Paralysed by Grinder for 2 turns
  5330 | D:5      | Killed Grinder
  5330 | D:5      | Reached skill level 9 in Maces & Flails
  5476 | D:5      | Reached skill level 5 in Fighting
  5673 | D:5      | Reached * piety under Elyvilon
  6365 | D:6      | Noticed Blork the orc
  6386 | D:6      | Killed Blork the orc
  6422 | D:6      | Found an iron altar of Okawaru.
  6747 | D:6      | Reached skill level 5 in Dodging
  6761 | D:6      | Reached XP level 9. HP: 54/74 MP: 8/8
  6954 | D:7      | Reached skill level 1 in Shields
  6963 | D:7      | Reached skill level 5 in Armour
  7051 | D:7      | Reached ** piety under Elyvilon
  7108 | D:7      | Reached skill level 10 in Maces & Flails
  8178 | D:7      | Got a smoking plate armour
  8192 | D:7      | Identified the cursed +1 plate armour of Apathy {Str+6
                  | Dex+3} (You found it on level 7 of the Dungeon)
  8394 | D:8      | Reached *** piety under Elyvilon
  8577 | D:8      | Identified Sif Muna's Disquisition on Summoning
  8606 | D:8      | Noticed a two-headed ogre
  8629 | D:8      | Killed a two-headed ogre
  8629 | D:8      | Reached skill level 11 in Maces & Flails
  8804 | D:8      | Found a stormy altar of Qazlal.
  8814 | D:8      | Reached XP level 10. HP: 80/84 MP: 9/9
  9766 | D:9      | Reached skill level 12 in Maces & Flails
  9839 | D:9      | Reached skill level 5 in Shields
  9954 | D:9      | Noticed a two-headed ogre
  9963 | D:9      | Killed a two-headed ogre
 10015 | D:9      | Noticed Psyche
 10019 | D:9      | Killed Psyche
 10114 | D:9      | Reached **** piety under Elyvilon
 10508 | D:10     | Entered Level 10 of the Dungeon
 10631 | D:10     | Reached XP level 11. HP: 83/94 MP: 10/10
 10879 | D:10     | Found a runed translucent door.
 10941 | D:10     | Noticed a death yak
 10943 | D:10     | Noticed a death yak
 10943 | D:10     | Noticed a death yak
 10944 | D:10     | Found a staircase to the Lair.
 10944 | D:10     | Noticed a death yak
 10944 | D:10     | Noticed a death yak
 10962 | D:10     | Noticed a death yak
 10989 | D:11     | Killed a death yak
 10989 | D:11     | Reached skill level 13 in Maces & Flails
 11008 | D:11     | Noticed a six-headed hydra
 11021 | D:10     | HP: 2/95 [death yak (16)]
 11023 | D:10     | Mangled by a death yak

Illustrated notes

Levels and vault maps discovered:
D:1:      lemuel_arrival_muddy, layout_loops_ring
D:2:      layout_basic, uniq_terence
D:3:      layout_basic, hangedman_decor_diamond_cutter
D:4:      layout_rooms, temple_pool_b, serial_shops, shop_fountains,
          kennysheep_generic_room_3
D:5:      layout_loops_ring, uniq_sigmund, uniq_ijyb, uniq_prince_ribbit1,
          uniq_eustachio, uniq_grinder
D:6:      layout_loops_ring, basic_altar, chequers_serial_rivers_micro_c,
          uniq_blork_the_orc
D:7:      layout_cave_pods
D:8:      layout_rooms, grunt_qazlal_sundering
D:9:      layout_basic, uniq_psyche
D:10:     cheibrodos_histonic, layout_stronghold, dpeg_lair_monsters,
          orc_0_dummy, serial_column_ruins, column_ruins_courtyard_long,
          column_ruins_hut_pillars, column_ruins_open_large,
          column_ruins_open_small, column_ruins_open_small,
          column_ruins_open_medium, column_ruins_open_small
D:11:     layout_cave_pools, gammafunk_ghost_wrathful_warriors, serial_shops,
          shop, nicolae_shop_stone, shop_fountains, xom_teletrap_fun
Temple:   compressed_dpeg_triangle_lava_temple

Skill      XL: |  1  2  3  4  5  6  7  8  9 10 11 |
---------------+----------------------------------+-----
Maces & Flails | 1 2 4 5 6 8 9 11 12 13 | 13.2
Armour         | 2 3 4 6 7 8 |  8.3
Short Blades   | 2 3 |  3.7
Fighting       | 3 4 5 6 8 |  8.8
Dodging        | 3 5 6 7 8 |  8.0
Shields        | 3 5 |  5.5
Throwing       | |  4.0
Stealth        | |  0.7

Action                   |  1- 3 |  4- 6 |  7- 9 | 10-12 || total
-------------------------+-------+-------+-------+-------++-------
Melee: Short sword       |    19 |    31 |    41 |    34 ||   125
       Headbutt          |     9 |    28 |    64 |    86 ||   187
       Dagger            |    58 |    29 |       |       ||    87
       Hand axe          |       |    36 |       |       ||    36
       Flail             |       |     5 |    68 |   251 ||   324
       Whip              |       |    39 |   248 |       ||   287
       Rapier            |       |       |     4 |    16 ||    20
Throw: Javelin           |    10 |     1 |       |       ||    11
       Throwing net      |     2 |       |     1 |       ||     3
Invok: Greater Healing   |       |       |       |     2 ||     2
  Use: Potion            |     2 |       |       |     3 ||     5
       Scroll            |     1 |       |       |     1 ||     2
 Stab: Distracted        |     1 |       |       |       ||     1
       Held in net/web   |       |       |     1 |       ||     1
Armor: Leather armour    |     1 |       |       |       ||     1
       Scale mail        |    24 |    57 |    13 |       ||    94
       Ring mail         |       |       |    60 |       ||    60
       Plate armour      |       |       |    10 |   177 ||   187
Dodge: Dodged            |    35 |    65 |   132 |   139 ||   371
Block: Buckler           |       |       |    22 |    59 ||    81

Table legend: (Time is in decaauts)
 A = Elapsed time spent in this place.
 B = Non-inter-level travel time spent in this place.
 C = Inter-level travel time spent in this place.
 D = Time resting spent in this place.
 E = Time spent auto-exploring this place.
 F = Levels seen in this place.
 G = Mean time per level.
                   A        B        C        D        E       F      G
               +--------+--------+--------+--------+--------+-----+--------+
         Total |  10866 |  10538 |    328 |   2189 |   6357 |  12 |  905.5 |
       Dungeon |  10527 |  10207 |    320 |   2189 |   6051 |  11 |  957.0 |
        Temple |    339 |    331 |      8 |      0 |    306 |   1 |  339.0 |
               +--------+--------+--------+--------+--------+-----+--------+

Top non-repeatable levels by time:
     D:5: 1508 daAuts
     D:2: 1423 daAuts
     D:7: 1404 daAuts
     D:9: 1101 daAuts
     D:8: 1068 daAuts
     D:3: 962 daAuts
     D:4: 959 daAuts
     D:1: 909 daAuts
     D:6: 808 daAuts
    D:10: 346 daAuts
  Temple: 339 daAuts
    D:11: 34 daAuts
